 Dungeon Crawl Stone Soup version 0.26-a0-833-g7262b39652 (webtiles) character file.

Game seed: 16866084874039999935

93 Morbidden the Grave Robber (level 4, 31/31 HPs)
             Began as a Demonspawn Necromancer on Nov 16, 2020.
             Quit the game on level 2 of the Dungeon.
             The game lasted 00:02:45 (1370 turns).

Morbidden the Grave Robber (Demonspawn Necromancer) Turns: 1370, Time: 00:02:45

Health: 31/31      AC:  2    Str:  8    XL:     4   Next: 36%
Magic:  8/8        EV: 12    Int: 17    God:
Gold:   104        SH:  0    Dex: 14    Spells: 4/8 levels left

rFire    . . .     SeeInvis .   c - +1 dagger (drain)
rCold    . . .     Faith    .   (no shield)
rNeg     . . .     Spirit   .   a - +0 robe
rPois    .         Reflect  .   (helmet restricted)
rElec    .         Harm     .   (no cloak)
rCorr    .         Rampage  .   (no gloves)
MR       .....                  (no boots)
Stlth    ++........             d - amulet of regeneration
HPRegen  0.50/turn              (no ring)
MPRegen  0.11/turn              (no ring)

@: no status effects
A: antennae 1, foul stench 1, rot immunity
a: no special abilities


You were on level 2 of the Dungeon.
You visited 1 branch of the dungeon, and saw 2 of its levels.

You collected 104 gold pieces.

Inventory:

Hand Weapons
 c - a +1 dagger of draining (weapon)
 g - a cursed -1 short sword
Missiles
 q - 6 javelins (quivered)
Armour
 a - a +0 robe (worn)
Jewellery
 d - an amulet of regeneration (around neck)
 o - an uncursed ring of ice {unknown}
Wands
 l - a wand of flame (21)
Scrolls
 e - a scroll of amnesia {unknown}
 f - 2 scrolls of magic mapping
 h - a scroll of teleportation {unknown}
 m - 2 scrolls of remove curse {unknown}
 n - a scroll of fog {unknown}
 r - 2 scrolls of identify {unknown}
Potions
 b - a potion of ambrosia {unknown}
 i - 2 potions of cancellation {unknown}
 j - 2 potions of haste {unknown}
 k - a potion of degeneration {unknown}
 p - 2 potions of heal wounds {unknown}


   Skills:
 * Level 0.8 Fighting
 + Level 0.8 Short Blades
 * Level 2.0 Dodging
 + Level 1.9 Stealth
 * Level 2.7 Spellcasting
 * Level 5.4 Necromancy


You had 4 spell levels left.
You knew the following spells:

 Your Spells              Type           Power        Failure   Level
a - Pain                  Necr           ###.         1%          1
b - Vampiric Draining     Necr           ###.......   6%          3

Your spell library contained the following spells:

 Spells                   Type           Power        Failure   Level
 Animate Skeleton         Necr           ###...       1%          1
 Animate Dead             Necr           ###.......   19%         4
 Agony                    Necr           ###.....     47%         5


Dungeon Overview and Level Annotations

Branches:
Dungeon (2/15)

Altars:


Innate Abilities, Weirdness & Mutations

You have a pair of small antennae on your head.
You may emit foul miasma when damaged in melee.
You are immune to rotting.


Message History

A frilled lizard is nearby!
You barely miss the frilled lizard. The frilled lizard barely misses you.
A frilled lizard is nearby!
You hit the frilled lizard.
You kill the frilled lizard!
No target in view!
A rat comes into view.
A rat is nearby!
A rat is nearby!
A rat is nearby!
You barely miss the rat. The rat bites you.
The rat looks sick.
You hit the rat.
You kill the rat!
A frilled lizard comes into view.
The frilled lizard hisses angrily.
A frilled lizard is nearby!
A frilled lizard is nearby!
The frilled lizard misses you.
A frilled lizard is nearby!
Are you sure you want to abandon this character and quit the game? (Confirm with "yes".)

############
#..........#
#..........#
#..........#
#.....l....#
.
#.....@....#
..
######..####
#... #..#
... #..# ..
#..# #..##
#...# #.#.#
#.#.#


You could see a frilled lizard.

Vanquished Creatures
  Terence (D:2)
  An adder (D:2)
  An ooze (D:2)
  3 worms (D:2)
  A dart slug (D:2)
  2 leopard geckos
  A ball python (D:2)
  4 bats
  3 giant cockroaches
  6 goblins
  3 hobgoblins (D:1)
  2 jackals (D:2)
  A quokka (D:2)
  3 frilled lizards
  3 kobolds
  7 rats
42 creatures vanquished.

Notes
Turn   | Place    | Note
-------+----------+-------------------------------------------
     0 | D:1      | Morbidden the Demonspawn Necromancer began the quest for
                  | the Orb.
     0 | D:1      | Reached XP level 1. HP: 13/13 MP: 3/3
   303 | D:1      | Gained mutation: You are immune to rotting. [demonic
                  | ancestry]
   303 | D:1      | Reached XP level 2. HP: 18/19 MP: 3/5
   478 | D:1      | Reached skill level 5 in Necromancy
   846 | D:2      | Gained mutation: You may emit foul miasma when damaged in
                  | melee. [demonic ancestry]
   846 | D:2      | Reached XP level 3. HP: 24/24 MP: 3/6
   883 | D:2      | Learned a level 3 spell: Vampiric Draining
  1070 | D:2      | Found a faded altar of an unknown god.
  1260 | D:2      | Noticed Terence
  1280 | D:2      | Killed Terence
  1281 | D:2      | Gained mutation: You have a pair of small antennae on your
                  | head. [demonic ancestry]
  1281 | D:2      | Reached XP level 4. HP: 17/31 MP: 3/8
  1370 | D:2      | Quit the game

Illustrated notes

Levels and vault maps discovered:
D:1:      scummos_arrival_hexagon, layout_rooms
D:2:      layout_rooms, chequers_ecumenical_altar_simple_redux, uniq_terence

Skill      XL: |  1  2  3 |
---------------+----------+-----
Necromancy     | 5 |  5.4
Dodging        | 2 |  2.0
Fighting       | |  0.8
Short Blades   | |  0.8
Stealth        | |  1.9
Spellcasting   | |  2.7

Action                   |  1- 3 |  4- 6 || total
-------------------------+-------+-------++-------
Melee: Dagger            |    70 |     4 ||    74
 Cast: Pain              |    37 |       ||    37
       Vampiric Draining |     2 |       ||     2
  Use: Scroll            |     1 |       ||     1
 Stab: Sleeping          |     4 |       ||     4
Armor: Robe              |    17 |     1 ||    18
Dodge: Dodged            |    42 |     2 ||    44

Table legend: (Time is in decaauts)
 A = Elapsed time spent in this place.
 B = Non-inter-level travel time spent in this place.
 C = Inter-level travel time spent in this place.
 D = Time resting spent in this place.
 E = Time spent auto-exploring this place.
 F = Levels seen in this place.
 G = Mean time per level.
                   A        B        C        D        E       F      G
               +--------+--------+--------+--------+--------+-----+--------+
         Total |   1368 |   1338 |     30 |      0 |   1067 |   2 |  684.0 |
       Dungeon |   1368 |   1338 |     30 |      0 |   1067 |   2 |  684.0 |
               +--------+--------+--------+--------+--------+-----+--------+

Top non-repeatable levels by time:
     D:1: 761 daAuts
     D:2: 607 daAuts
